 Dungeon Crawl Stone Soup version 0.31.0-9-g3a7656b989 (webtiles) character file.

Game seed: 7376453676162360470

168 qw the Shooter (level 5, 0/26 HPs)
             Began as a Spriggan Hunter on Feb 2, 2024.
             Slain by an orc
             ... wielding a +0 mace
              (1 damage)
             ... on level 4 of the Dungeon.
             The game lasted 00:00:07 (1722 turns).

qw the Shooter (Spriggan Hunter)                    Turns: 1722, Time: 00:00:07

Health: 0/26       AC:  3    Str:  7    XL:     5   Next: 23%
Magic:  6/6        EV: 20    Int: 11    God:
Gold:   98         SH:  0    Dex: 20    Spells: 4/4 levels left

rFire   . . .        a - +1 shortbow
rCold   . . .        (shield currently unavailable)
rNeg    . . .        c - +0 robe
rPois   .            (helmet restricted)
rElec   .            e - +0 cloak
rCorr   .            (gloves unavailable)
SInv    +            (boots unavailable)
Will    .....        (no amulet)
Stlth   ++           (no ring)
HPRegen 0.24/turn    (no ring)
MPRegen 0.10/turn

%: no passive effects
@: very quick
A: very small, no large weapons, unfitting armour, see invisible, speed 3
a: no special abilities


You were on level 4 of the Dungeon.
You visited 1 branch of the dungeon, and saw 4 of its levels.

You collected 98 gold pieces.


Innate Abilities, Weirdness & Mutations

You are very small and have problems with some larger weapons.
You are too small for most types of armour.
You have supernaturally acute eyesight. (SInv)
You cover ground extremely quickly. (Speed+++)


   Skills:
 - Level 2.0 Fighting
 + Level 5.4 Ranged Weapons
 - Level 5.1 Dodging
 - Level 1.5 Stealth


You had 4 spell levels left.
You didn't know any spells.
Your spell library was empty.

Inventory:

Hand Weapons
 a - a +1 shortbow (weapon)
Armour
 c - a +0 robe (worn)
 e - a +0 cloak (worn)
Potions
 b - a potion of mutation
 d - a potion of cancellation {unknown}
 f - a potion of attraction {unknown}
 g - a potion of brilliance {unknown}
 h - 4 potions of curing

Dungeon Overview and Level Annotations

Branches:
Dungeon (4/15)
 Temple: D:4-7

Altars:
Hepliaklqana

Shops:
D:1 [


Message History

The orc wizard is severely wounded.
The orc wizard hits you with a +0 dagger.
The orc misses you.
You shoot an arrow. The arrow closely misses the orc.
The arrow barely misses the orc wizard.
The orc misses you.
You shoot an arrow.
The arrow closely misses the orc wizard.
The orc misses you.
You shoot an arrow. The arrow hits the orc wizard.
You kill the orc wizard!
The orc barely misses you. The orc hits you with a +0 mace!
You shoot an arrow. The arrow closely misses the orc.
The orc closely misses you. The orc misses you.
You shoot an arrow. The arrow barely misses the orc.
The endoplasm closely misses you. The orc closely misses you. x2
You shoot an arrow. The arrow barely misses the orc.
The endoplasm freezes you.
You are frozen.
The orc hits you with a +0 dagger. The orc closely misses you.
The endoplasm closely misses you. The orc barely misses you.
The orc misses you.
You shoot an arrow. The arrow hits the orc.
The orc is severely wounded.
The endoplasm misses you. The orc barely misses you.
The orc closely misses you.
You shoot an arrow. The arrow closely misses the orc.
The endoplasm hits you. The orc misses you. The orc closely misses you.
You shoot an arrow. The arrow completely misses the orc.
The endoplasm freezes you.
You are frozen.
The orc hits you with a +0 mace. The orc hits you but does no damage.
You shoot an arrow. The arrow hits the orc!
You kill the orc!
The endoplasm completely misses you. The orc closely misses you.
You shoot an arrow. The arrow hits the orc.
The orc is heavily wounded.
The endoplasm freezes you.
You are frozen.
The orc hits you with a +0 mace.
You shoot an arrow. The arrow barely misses the orc.
The endoplasm jiggles.
The endoplasm barely misses you. The orc hits you with a +0 mace.
You die...

#####+### ........#
........# .......
....%..%# .........
......# .........
#....# .........
#....##+###...##...
#.........#...##...
+#$@.......#...##...
#....Jo)......#...##..<
+.............'........
#.............#...##..)
#....#####....#...##...
#.... #....#...##.).
#.... #....#...##...
#.... #....#.....)..
#....#........


You could see an orc and an endoplasm.

Vanquished Creatures
  An orc wizard (D:4)
  3 gnolls (D:4)
  5 adders
  4 dart slugs
  5 orcs
  3 ball pythons
  5 bats
  3 endoplasms (D:2)
  3 giant cockroaches (D:3)
  8 hobgoblins
  4 jackals (D:4)
  2 quokkas (D:3)
  2 frilled lizards
  4 goblins
  A kobold (D:2)
  2 rats
55 creatures vanquished.

Notes
Turn   | Place    | Note
-------+----------+-------------------------------------------
     0 | D:1      | qw the Spriggan Hunter began the quest for the Orb.
     0 | D:1      | Reached XP level 1. HP: 10/10 MP: 2/2
     0 | D:1      | 0 ||| qw: Version: 0.3-a-155-g5e7d8dd
     0 | D:1      | 0 ||| qw: Game counter: 1522
     0 | D:1      | 0 ||| qw: Melee chars always use a shield: true
     0 | D:1      | 0 ||| qw: God list: Okawaru
     0 | D:1      | 0 ||| qw: Allow faded altars: false
     0 | D:1      | 0 ||| qw: Do Orc after clearing Dungeon:15 true
     0 | D:1      | 0 ||| qw: Do second Lair branch before Depths: true
     0 | D:1      | 0 ||| qw: Lair rune preference: random
     0 | D:1      | 0 ||| qw: Goals: Normal
     0 | D:1      | 0 ||| PLANNING D:1-11
     5 | D:1      | Found Voaniy Upump's Armour Shop.
    15 | D:1      | 15 ||| SHOPLISTING +4 robe of Folly {Brill Will-∞ Int+8}
                  | (578 gold, have 0).
    99 | D:1      | Reached skill level 3 in Dodging
   193 | D:1      | Reached XP level 2. HP: 14/14 MP: 3/3
   513 | D:1      | 513 ||| UPGRADING to +0 cloak.
   518 | D:1      | 518 ||| DROPPING ring of magical power.
   519 | D:1      | 519 ||| READING scroll labelled NANKIBRA IBOTWOS.
   519 | D:1      | 519 ||| IDENTIFYING bubbling red potion
   520 | D:1      | 520 ||| READING scroll labelled PUMPUVVENEI.
   621 | D:1      | 621 ||| DROPPING scroll of butterflies.
   655 | D:2      | Reached XP level 3. HP: 17/18 MP: 4/4
   696 | D:2      | 696 ||| FLEEEEING.
   697 | D:2      | 697 ||| FLEEEEING.
   698 | D:2      | 698 ||| FLEEEEING.
   699 | D:2      | 699 ||| FLEEEEING.
   705 | D:2      | 705 ||| FLEEEEING.
  1009 | D:2      | 1009 ||| READING scroll of identify.
  1009 | D:2      | 1009 ||| IDENTIFYING fizzy white potion
  1010 | D:2      | 1010 ||| READING scroll labelled XOECSE KISH.
  1011 | D:2      | 1011 ||| READING scroll labelled VAW QUUNEDEVVO.
  1012 | D:2      | 1012 ||| DROPPING potion of invisibility.
  1150 | D:3      | Reached XP level 4. HP: 22/22 MP: 5/5
  1223 | D:3      | Found a hazy altar of Hepliaklqana.
  1605 | D:3      | 1605 ||| READING scroll of identify.
  1605 | D:3      | 1605 ||| IDENTIFYING bubbling clear potion
  1606 | D:3      | 1606 ||| READING scroll labelled KYECATEAKI.
  1606 | D:3      | 1606 ||| ENCHANTING +0 shortbow.
  1607 | D:3      | 1607 ||| READING scroll labelled ROEMOL JEQANK.
  1608 | D:3      | 1608 ||| READING scroll labelled QEFRAO LUEMY.
  1689 | D:4      | Reached XP level 5. HP: 25/26 MP: 6/6
  1719 | D:4      | HP: 5/26 [orc/+0 mace (5)]
  1721 | D:4      | HP: 2/26 [frozen (4)]
  1722 | D:4      | Slain by an orc

Levels and vault maps discovered:
D:1:      dpeg_arrival_fog, layout_rooms, serial_shops,
          nicolae_shop_tiny_statue_garden, roderic_lattice_a
D:2:      layout_rooms
D:3:      layout_loops_ring, lemuel_round_altar, kennysheep_another_room
D:4:      layout_gridville, bloody_makhleb, minmay_temple_entry_trees,
          guppyfry_early_orc_mine, uniq_menkaure, uniq_ijyb

Skill      XL: |  1  2  3  4 |
---------------+-------------+-----
Dodging        | 3 4 5 |  5.1
Ranged Weapons | 5 |  5.4
Fighting       | 2 |  2.0
Stealth        | |  1.5

Action                     |  1- 3 |  4- 6 || total
---------------------------+-------+-------++-------
   Fire: Shortbow          |    72 |    82 ||   154
    Use: Scroll            |     5 |     4 ||     9
 Armour: Robe              |     3 |    24 ||    27
  Dodge: Dodged            |    13 |    55 ||    68

Table legend:
 A = Non-vault XP
 B = Vault XP
 C = Vault XP percentage of total XP
 D = Non-vault monster count
 E = Vault monster count
 F = Vault count percentage of total count
                 A         B        C        D         E       F
            +---------+---------+-------+---------+---------+-------
      Total |     240 |       0 |   0.0 |      55 |       0 |   0.0
            +---------+---------+-------+---------+---------+-------
        D:1 |      27 |       0 |   0.0 |      12 |       0 |   0.0
        D:2 |      66 |       0 |   0.0 |      17 |       0 |   0.0
        D:3 |      45 |       0 |   0.0 |      16 |       0 |   0.0
        D:4 |     102 |       0 |   0.0 |      10 |       0 |   0.0
            +---------+---------+-------+---------+---------+-------
